 Dungeon Crawl Stone Soup version 0.24.0-13-gcf9b3192b9 (webtiles) character file.

Game seed: 9968496573078856283, levelgen mode: deterministic

11583 Monsterracer the Basher (level 11, -12/103 HPs)
             Began as a Gargoyle Fighter on Nov 4, 2019.
             Was a Priest of the Shining One.
             Mangled by Pupilyir's ghost (19 damage)
             ... on level 11 of the Dungeon on Nov 5, 2019.
             The game lasted 00:12:04 (10851 turns).

Monsterracer the Basher (Gargoyle Fighter)         Turns: 10851, Time: 00:12:05

Health: -12/103    AC: 21    Str: 28    XL:     11   Next: 80%
Magic:  0/15       EV: 11    Int:  9    God:    the Shining One [***...]
Gold:   152        SH: 11    Dex:  9    Spells: 10/10 levels left

rFire    + . .     SeeInvis .   b - +2 war axe (flame)
rCold    + . .     Gourm    .   h - +0 shield
rNeg     + + .     Faith    .   f - +3 ring mail {rF+}
rPois    ∞         Spirit   .   (no helmet)
rElec    +         Reflect  .   E - +0 cloak
rCorr    .         Harm     .   (no gloves)
MR       .....                  H - +1 pair of boots (curse)
Stlth    ..........             i - amulet of rage
HPRegen  0.27/turn              (no ring)
MPRegen  0.14/turn              C - ring of protection from cold

@: berserking (expiring), glowing, very quick
A: negative energy resistance 1, electricity resistance, unbreathing,
petrification resistance, rot immunity, AC +8
a: Divine Shield, Renounce Religion, Evoke Berserk Rage


You were on level 11 of the Dungeon.
You worshipped the Shining One.
The Shining One was most pleased with you.
You were very hungry.

You visited 2 branches of the dungeon, and saw 12 of its levels.
You also visited: Sewer.

You collected 542 gold pieces.
You spent 390 gold pieces at shops.

Inventory:

Hand Weapons
 a - a +2 flail of protection
   (You took it off Edmund on level 4 of the Dungeon)
 b - a +2 war axe of flaming (weapon)
   (You took it off an orc on level 5 of the Dungeon)
 F - a +0 morningstar of holy wrath
   (You took it off an orc on level 10 of the Dungeon)
Missiles
 s - a throwing net (quivered) {!f}
Armour
 f - a +3 ring mail of fire resistance (worn)
   (You took it off Joseph on level 8 of the Dungeon)
 h - a +0 shield (worn)
 k - a +0 chain mail
   (You found it on level 4 of the Dungeon)
 E - a +0 cloak (worn)
   (You found it on level 8 of the Dungeon)
 H - a cursed +1 pair of boots (worn)
   (You found it on level 9 of the Dungeon)
Jewellery
 d - an uncursed ring of ice
   (You found it on level 1 of the Dungeon)
 i - an amulet of rage (around neck)
   (You found it on level 1 of the Dungeon)
 C - a ring of protection from cold (right hand)
   (You found it on level 3 of the Dungeon)
 G - an uncursed amulet of regeneration
   (You found it on level 11 of the Dungeon)
Wands
 w - a wand of acid (7)
   (You found it on level 5 of the Dungeon)
 D - a wand of digging (5)
   (You found it in a sewer)
 I - a wand of iceblast (6)
   (You found it on level 11 of the Dungeon)
Scrolls
 m - 2 scrolls of magic mapping
 p - 2 scrolls of enchant weapon
 r - 8 scrolls of remove curse
 t - 3 scrolls of teleportation {!r}
 y - a scroll of fear {!r}
Potions
 e - 10 potions of curing
 g - 6 potions of agility
 j - 2 potions of might
 l - 3 potions of lignification
 n - 2 potions of cancellation
 o - a potion of ambrosia {!q}
 q - a potion of berserk rage {!q}
 u - 2 potions of degeneration
 v - a potion of haste {unknown}
 x - 2 potions of mutation {unknown}
 z - 2 potions of brilliance
 A - 2 potions of invisibility {unknown}
 B - a potion of heal wounds {unknown}
 J - a potion of flight {unknown}
Comestibles
 c - 24 rations


   Skills:
 + Level 8.5 Fighting
 * Level 12.0 Maces & Flails
 + Level 7.1 Armour
 + Level 3.6 Dodging
 + Level 7.1 Shields
 + Level 5.4 Invocations
 - Level 5.0 Evocations


You had 10 spell levels left.
You didn't know any spells.
Your spell library contained the following spells:

 Spells                   Type           Power        Failure   Level  Hunger
 Beastly Appendage        Tmut           #.....       83%         1    ##.....
 Corona                   Hex            #......      83%         1    ##.....
 Ensorcelled Hibernation  Hex/Ice        #.....       93%         2    ###....
 Sticks to Snakes         Tmut           #.......     93%         2    ###....
 Confuse                  Hex            #.......     99%         3    ####...
 Dazzling Spray           Conj/Hex       #.....       99%         3    ####...
 Spider Form              Tmut/Pois      #.........   99%         3    ####...
 Tukima's Dance           Hex            #.......     99%         3    ####...
 Ice Form                 Ice/Tmut       #.......     100%        4    #####..
 Blade Hands              Tmut           #.........   100%        5    ######.


Dungeon Overview and Level Annotations

Branches:
Dungeon (11/15)            Temple (1/1) D:5            Lair (0/6) D:9
  Sewer (visited)
    Orc: D:9-12

Altars:
Ashenzari
Cheibriados
Dithmenos
Elyvilon
Fedhas
Gozag
Hepliaklqana
Kikubaaqudgha
Makhleb
Nemelex Xobeh
Okawaru
Qazlal
Ru
Sif Muna
Trog
Uskayaw
Vehumet
Wu Jian
Xom
Yredelemnul
Zin
The Shining One

Shops:
D:8 *

Annotations:
D:11 Pupilyir's ghost, journeyman MiBe


Innate Abilities, Weirdness & Mutations

You are resistant to torment.
Your stone body is resilient. (AC +8)
You are immune to poison.
You resist negative energy. (rN+)
You are resistant to electric shocks. (rElec)
You can survive without breathing.
You are immune to petrification.
You are immune to rotting.


Message History

g - 6 potions of agility (gained 1)
c - 24 rations (gained 1)
A worker ant comes into view.
The worker ant twitches its antennae in your direction.
You block the worker ant's attack.
A worker ant is nearby!
You sock the worker ant!
Your weapon exudes an aura of protection.
The worker ant is severely wounded.
You block the worker ant's attack.
A worker ant is nearby!
You bludgeon the worker ant!!
You kill the worker ant!
No target in view!
No target in view!
G - a dented cabochon amulet
I - a wand of iceblast (6) No target in view!
Okay, then.
You remove your amulet of rage.
The amulet throbs as it attunes itself to your uninjured body.
G - an amulet of regeneration (around neck) Drop what? 36/52 slots (_ for help) (? for menu, Esc to quit)
Okay, then.
You remove your amulet of regeneration.
i - an amulet of rage (around neck)
The big kobold shouts! x4
Pupilyir's ghost turns its malevolent gaze towards you.
The big kobold shouts!
The kobold demonologist shouts!
The big kobold shouts! x2
You hear a shout! x3
Found a runed translucent gate.
Found 9 bolts.
No reachable target in view!
You open the gate.
The big kobold throws a curare-tipped dart.
The curare-tipped dart hits you.
The kobold demonologist casts a spell.
The crimson imp summons a swarm of flies.
The crimson imp blinks!
You block the big kobold's attack.
Pupilyir's ghost wails, "You will never get the ORB!"
You sock Pupilyir's ghost!
Your weapon exudes an aura of protection.
Pupilyir's ghost is lightly damaged.
Pupilyir's ghost hits you!
You feel your power leaking away.
Your +2 flail of protection goes still.
Your +2 war axe of flaming bursts into flame!
b - a +2 war axe of flaming (weapon)
Pupilyir's ghost hits you!!
You feel your power leaking away.
A red film seems to cover your vision as you go berserk!
You feel yourself moving faster!
You feel mighty!
You are feeling very hungry.
Pupilyir's ghost hits you.
You hit Pupilyir's ghost.
Pupilyir's ghost is lightly damaged.
You slash Pupilyir's ghost! You burn Pupilyir's ghost.
Pupilyir's ghost is moderately damaged.
Pupilyir's ghost hits you!!
* * * LOW HITPOINT WARNING * * *
You hit Pupilyir's ghost.
Pupilyir's ghost is moderately damaged.
Pupilyir's ghost wails.
Pupilyir's ghost hits you!
* * * LOW HITPOINT WARNING * * *
You hit Pupilyir's ghost. You burn Pupilyir's ghost.
Pupilyir's ghost is moderately damaged.
Pupilyir's ghost closely misses you.
You hit Pupilyir's ghost.
Pupilyir's ghost is moderately damaged.
Unknown command.
You hit Pupilyir's ghost but do no damage.
Pupilyir's ghost is moderately damaged.
Pupilyir's ghost barely misses you.
You hit Pupilyir's ghost.
Pupilyir's ghost is moderately damaged.
Pupilyir's ghost hits you! The Shining One protects you from harm!
You feel your power leaking away.
You slash Pupilyir's ghost! You burn Pupilyir's ghost.
Pupilyir's ghost is heavily damaged.
Pupilyir's ghost closely misses you.
You barely miss Pupilyir's ghost.
Pupilyir's ghost is heavily damaged.
Pupilyir's ghost misses you.
You hit Pupilyir's ghost.
Pupilyir's ghost is heavily damaged.
You hit Pupilyir's ghost.
Pupilyir's ghost is heavily damaged.
You block Pupilyir's ghost's attack.
You slash Pupilyir's ghost! You burn Pupilyir's ghost.
Pupilyir's ghost is severely damaged.
You block Pupilyir's ghost's attack.
You slice Pupilyir's ghost!! You burn Pupilyir's ghost.
Pupilyir's ghost is almost destroyed.
Pupilyir's ghost misses you.
You completely miss Pupilyir's ghost.
Pupilyir's ghost is almost destroyed.
Pupilyir's ghost hits you!!
You die...

##......#.. .
#..###.###...
#..# #.......
#..###.###.##
#......#
#.###### #.#
########.#
#KW@.....#
#5######.#
#.K.######
#K.##K⌠.#
#K5#K#K#.#
#K.KKK#..(
#.('K5...?
##.'..#..$
#.#.#.#.#


You could see a big kobold, Pupilyir's ghost and an ufetubus.

Vanquished Creatures
  Josephine (D:11)
  Erica (D:8)
  A two-headed ogre (D:9)
  Pikel (D:4)
  Joseph (D:8)
  An efreet (D:8)
  A troll (D:10)
  2 hippogriffs (D:7 D:9)
  5 wraiths (D:10 D:11)
  A shadow (D:9)
  2 wyverns (D:9)
  A basilisk (D:9)
  9 yaks (D:9 D:10)
  Grum (D:9)
  2 steam dragons (D:9)
  Edmund (D:4)
  A soldier ant (D:8)
  2 porcupines (D:9)
  4 orc warriors (D:8 D:9)
  An ice beast (D:6)
  3 sky beasts (D:5 D:11)
  An eye of draining (D:8)
  4 ogres (D:5 D:8 D:9)
  The ghost of Daviar the Ducker, an amateur DgEn (D:4)
  4 centaurs (D:5 D:9 D:10)
  4 crocodiles (Sewer D:9 D:11)
  2 wolves (D:9)
  3 big kobolds (D:8 D:9)
  10 bullfrogs (D:6 D:7 D:9 D:10)
  A water moccasin zombie (D:8)
  3 scorpions (D:6 D:9)
  An electric eel (D:9)
  4 crimson imps (D:6 D:8)
  4 bullfrog zombies (D:8 D:9 D:10)
  4 jellies (D:7 D:10)
  3 hounds (D:6 D:9 D:10)
  6 orc wizards (D:6 D:8 D:9 D:10)
  5 orc priests (D:8 D:9 D:10)
  3 iguanas (D:7 D:8)
  5 worker ants (D:4 D:5 D:10 D:11)
  A hound zombie (D:10)
  A hound skeleton (D:6)
  A worker ant zombie (D:9)
  8 adders (D:3 D:4 D:5 D:6 D:7)
  3 river rats (D:5)
  A shadow imp (D:5)
  3 oozes (D:1 D:2 D:3)
  4 worms (D:2 D:4 D:5)
  6 dart slugs (D:1 D:2 D:3)
  11 leopard geckos (D:2 D:3 D:4 D:5 D:6)
  36 orcs (D:3 D:4 D:5 D:6 D:7)
  7 giant cockroaches (D:1 D:2 D:5)
  8 goblins (D:1 D:2 D:3)
  10 hobgoblins (D:1 D:2 D:3)
  23 jackals (D:2 D:3 Sewer D:5 D:6)
  5 quokkas (D:2 D:3 D:5 D:7 D:9)
  7 bats (D:1 D:2 D:3)
  4 frilled lizards (D:2 D:4 D:5)
  A jackal zombie (D:6)
  24 kobolds (D:1 D:3 Sewer D:8 D:9)
  A quokka skeleton (D:5)
  10 rats (D:1 D:2 D:3 D:5)
285 creatures vanquished.

Vanquished Creatures (others)
  An orc wizard (D:4)
  2 orcs (D:4)
  3 jackals (D:4 D:5)
6 creatures vanquished.

Grand Total: 291 creatures vanquished

Notes
Turn   | Place    | Note
-------+----------+-------------------------------------------
     0 | D:1      | Monsterracer the Gargoyle Fighter began the quest for the
                  | Orb.
     0 | D:1      | Reached XP level 1. HP: 14/14 MP: 1/1
    41 | D:1      | HP: 7/14 [kobold (3)]
    53 | D:1      | HP: 5/14 [kobold (3)]
   322 | D:1      | Reached XP level 2. HP: 19/19 MP: 2/2
   745 | D:1      | Reached skill level 3 in Maces & Flails
   745 | D:1      | Reached XP level 3. HP: 24/24 MP: 3/3
   883 | D:2      | HP: 11/24 [hobgoblin (2)]
   897 | D:2      | HP: 11/24 [hobgoblin (2)]
   903 | D:2      | HP: 9/24 [hobgoblin (1)]
  1295 | D:2      | Reached XP level 4. HP: 28/29 MP: 4/4
  1603 | D:2      | Upgraded the game from 0.24.0-10-g970556be89 to
                  | 0.24.0-13-gcf9b3192b9
  1766 | D:3      | Reached skill level 4 in Maces & Flails
  1995 | D:3      | Reached XP level 5. HP: 27/34 MP: 5/5
  2573 | D:4      | Noticed a slave
  2573 | D:4      | Noticed a slave
  2573 | D:4      | Noticed a slave
  2574 | D:4      | Noticed Pikel
  2575 | D:4      | Noticed a slave
  2623 | D:4      | HP: 17/34 [Pikel/+1 whip of flaming (2)]
  2638 | D:4      | HP: 10/34 [Pikel/+1 whip of flaming (5)]
  2645 | D:4      | Killed Pikel
  2645 | D:4      | Reached skill level 5 in Fighting
  2645 | D:4      | Reached skill level 5 in Maces & Flails
  2645 | D:4      | Reached XP level 6. HP: 11/40 MP: 5/7
  2645 | D:4      | Reached XP level 7. HP: 12/44 MP: 5/8
  3148 | D:4      | Noticed Daviar's ghost (amateur DgEn)
  3165 | D:4      | Found a runed translucent door.
  3202 | D:4      | Killed Daviar's ghost
  3202 | D:4      | Reached skill level 6 in Maces & Flails
  3425 | D:4      | Got a jewelled dagger
  3515 | D:4      | Noticed Edmund
  3531 | D:4      | Killed Edmund
  3531 | D:4      | Reached XP level 8. HP: 36/50 MP: 8/10
  4073 | D:5      | Entered Level 5 of the Dungeon
  4179 | D:5      | Found a staircase to the Ecumenical Temple.
  4186 | Temple   | Entered the Ecumenical Temple
  4194 | Temple   | Became a worshipper of the Shining One
  4273 | D:5      | Reached skill level 7 in Maces & Flails
  4372 | D:5      | Found a glowing drain.
  4376 | Sewer    | Entered a sewer
  4901 | D:5      | Reached skill level 8 in Maces & Flails
  4971 | D:5      | Found a stormy altar of Qazlal.
  5472 | D:6      | Reached skill level 9 in Maces & Flails
  5550 | D:6      | Found an opulent altar of Gozag.
  5550 | D:6      | Found a glowing silver altar of Zin.
  5554 | D:6      | Reached XP level 9. HP: 55/55 MP: 11/11
  5651 | D:6      | Found a basalt altar of Yredelemnul.
  5696 | D:6      | Found a white marble altar of Elyvilon.
  6374 | D:7      | Found an ancient bone altar of Kikubaaqudgha.
  6662 | D:8      | Noticed Joseph
  6680 | D:8      | Killed Joseph
  6754 | D:8      | Reached skill level 10 in Maces & Flails
  6846 | D:8      | Found a sacrificial altar of Ru.
  6892 | D:8      | Found Bean Mam's Assorted Antiques.
  6904 | D:8      | Bought a scroll labeled LUNLED QAEG TOITOMP for 26 gold
                  | pieces
  6904 | D:8      | Bought 2 scrolls labeled LUNLED QAEG TOITOMP for 52 gold
                  | pieces
  6904 | D:8      | Bought a scroll of magic mapping for 91 gold pieces
  6904 | D:8      | Bought a pair of boots for 117 gold pieces
  6911 | D:8      | Reached * piety under the Shining One
  7002 | D:8      | Reached skill level 1 in Invocations
  7020 | D:8      | HP: 28/56 [orc warrior/+1 dire flail of draining (7)]
  7027 | D:8      | HP: 16/56 [orc wizard/puff of frost (1)]
  7322 | D:8      | Noticed an efreet
  7332 | D:8      | Killed an efreet
  7349 | D:8      | Reached XP level 10. HP: 39/61 MP: 13/13
  7571 | D:8      | Reached skill level 5 in Shields
  7646 | D:8      | Reached skill level 5 in Armour
  7888 | D:8      | Noticed Erica
  7898 | D:8      | Killed Erica
  7969 | D:8      | Bought a potion of might for 104 gold pieces
  8137 | D:9      | Found a staircase to the Lair.
  8170 | D:9      | HP: 28/63 [yak (6)]
  8176 | D:9      | Reached skill level 11 in Maces & Flails
  8197 | D:9      | Reached ** piety under the Shining One
  8202 | D:9      | HP: 26/63 [porcupine (8)]
  8210 | D:9      | HP: 17/63 [porcupine's spines (10)]
  8496 | D:9      | Reached skill level 5 in Evocations
  8556 | D:9      | Identified the +6 long sword of Junoxt {slice, rC- Int+4
                  | Stlth+}
  8559 | D:9      | Reached XP level 11. HP: 64/68 MP: 14/14
  8792 | D:9      | Noticed a two-headed ogre
  8807 | D:9      | Killed a two-headed ogre
  9178 | D:9      | Noticed Grum
  9188 | D:9      | Killed Grum
  9444 | D:10     | Entered Level 10 of the Dungeon
  9549 | D:10     | HP: 34/68 [yak (8)]
 10423 | D:11     | Reached skill level 5 in Invocations
 10427 | D:11     | Noticed Josephine
 10428 | D:11     | Reached *** piety under the Shining One
 10491 | D:11     | Killed Josephine
 10505 | D:11     | HP: 31/69 [wraith[Josephine] (4)]
 10508 | D:11     | Reached skill level 12 in Maces & Flails
 10512 | D:11     | HP: 19/69 [wraith[Josephine] (7)]
 10821 | D:11     | Found a runed translucent gate.
 10821 | D:11     | Found a runed translucent gate.
 10821 | D:11     | Found a runed translucent gate.
 10821 | D:11     | Noticed Pupilyir's ghost (journeyman MiBe)
 10821 | D:11     | Identified the +6 whip of Bohuiwee {chaos, *Drain Dex+6}
 10839 | D:11     | HP: 21/103 [Pupilyir's ghost (33)]
 10840 | D:11     | HP: 5/103 [Pupilyir's ghost (16)]
 10844 | D:11     | The Shining One protects you from harm!
 10851 | D:11     | Mangled by Pupilyir's ghost

Levels and vault maps discovered:
D:1:      scummos_arrival_hexagon, layout_basic
D:2:      layout_basic, first_ration
D:3:      layout_basic, palyth_stone_intersect, minmay_quadrilaterals
D:4:      layout_layer_cave, hellmonk_ghost_happy_afterlife,
          grunt_ministairs_10, uniq_edmund, uniq_pikel
D:5:      layout_loops_ring, grunt_qazlal_clouds,
          minmay_temple_entry_gardened_gates, gup_sewer_entry_spiral
D:6:      layout_loops_ring, grunt_temple_overflow_gold_and_silver,
          kennysheep_mini_moat, basic_altar
D:7:      layout_loops_ring, kiku_gazebo_garden_becter, lemuel_statue_altar
D:8:      layout_cave_pools, lemuel_doored_altar, serial_shops, shop,
          grunt_pizzeria, kb_rosetta, uniq_erica, uniq_joseph
D:9:      cheibrodos_helix_gallery, layout_long_grid, minmay_lair_entry_grove,
          uniq_grum
D:10:     layout_roguey, nrook_uturn
D:11:     layout_loops_ring, minmay_orc_entry_temple_small,
          gammafunk_ghost_nasty_kobolds, uniq_fannar, uniq_josephine, uniq_snorg
Temple:   nicolae_temple_x_marks_the_god

Skill      XL: |  1  2  3  4  5  6  7  8  9 10 11 |
---------------+----------------------------------+-----
Maces & Flails | 3 4 5 6 9 10 11 12 | 12.0
Fighting       | 4 5 6 7 8 |  8.5
Dodging        | 2 3 |  3.6
Evocations     | 2 4 5 |  5.0
Armour         | 4 6 7 |  7.1
Shields        | 4 6 7 |  7.1
Invocations    | 1 4 5 |  5.4

Action                   |  1- 3 |  4- 6 |  7- 9 | 10-12 || total
-------------------------+-------+-------+-------+-------++-------
Melee: Flail             |   160 |   207 |   411 |   448 ||  1226
       War axe           |       |       |       |    14 ||    14
 Abil: Evoke Berserk Rag |       |       |     2 |     7 ||     9
  Use: Scroll            |       |       |    17 |     2 ||    19
  Eat: Chunk             |     2 |     4 |    17 |    15 ||    38
       Ration            |       |       |       |     1 ||     1
Armor: Scale mail        |    98 |   142 |    22 |       ||   262
       Chain mail        |       |       |   156 |       ||   156
       Ring mail         |       |       |    18 |   185 ||   203
Dodge: Dodged            |    76 |    86 |    82 |   135 ||   379
Block: Shield            |   104 |   122 |   150 |   198 ||   574
